 Dungeon Crawl Stone Soup version 0.26.0-10-g1f06aea511 (webtiles) character file.

Game seed: 6310655029806863770

92 wakim the Chopper (level 4, -5/41 HPs)
             Began as a Hill Orc Monk on Jan 15, 2021.
             Slain by Crazy Yiuf
             ... wielding a +3 quarterstaff of chaos
              (7 damage)
             ... on level 2 of the Dungeon.
             The game lasted 00:03:56 (1393 turns).

wakim the Chopper (Hill Orc Monk)                   Turns: 1393, Time: 00:03:56

Health: -5/41      AC:  5    Str: 14    XL:     4   Next: 60%
Magic:  4/4        EV: 11    Int: 10    God:
Gold:   106        SH:  0    Dex: 13    Spells: 3/3 levels left

rFire    . . .     SeeInvis .   a - +0 hand axe
rCold    . . .     Faith    .   (no shield)
rNeg     . . .     Spirit   .   d - +0 ring mail
rPois    .         Reflect  .   (no helmet)
rElec    .         Harm     .   (no cloak)
rCorr    .         Rampage  .   (no gloves)
Will     .....                  (no boots)
Stlth    +.........             (no amulet)
HPRegen  0.13/turn              (no ring)
MPRegen  0.09/turn              (no ring)

@: lethally poisoned (-5 -> -18)
A: no striking features
a: no special abilities


You were on level 2 of the Dungeon.
You visited 1 branch of the dungeon, and saw 2 of its levels.

You collected 106 gold pieces.

Inventory:

Hand Weapons
 a - a +0 hand axe (weapon)
Armour
 d - a +0 ring mail (worn)
Scrolls
 b - 3 scrolls of enchant armour {unknown}
 c - 3 scrolls of teleportation {unknown}
 f - a scroll of magic mapping {unknown}
 g - 2 scrolls of noise {unknown}
 i - a scroll of amnesia {unknown}
 j - a scroll of remove curse {unknown}
 k - a scroll of fog {unknown}
 l - a scroll of fear {unknown}
 m - 2 scrolls of enchant weapon {unknown}
 o - a scroll of identify {unknown}
Potions
 e - 2 potions of resistance {unknown}
 h - a potion of invisibility {unknown}
 n - 2 potions of flight {unknown}
 p - a potion of curing {unknown}
 q - a potion of cancellation {unknown}


   Skills:
 + Level 4.4 Fighting
 * Level 5.6 Axes
 + Level 2.0 Armour
 - Level 2.4 Dodging
 - Level 1.5 Stealth


You had 3 spell levels left.
You didn't know any spells.
Your spell library was empty.

Dungeon Overview and Level Annotations

Branches:
Dungeon (2/15)

Altars:
Trog

Annotations:
D:2 Crazy Yiuf


Message History

You are more poisoned.
You are too injured to fight recklessly!
You hit Crazy Yiuf.
Crazy Yiuf is lightly wounded.
You feel sick.
You hit Crazy Yiuf.
Crazy Yiuf is moderately wounded.
* * * LOW HITPOINT WARNING * * *
You feel sick.
Crazy Yiuf grits, "Pitchfork hog toodlewoodle!"
Crazy Yiuf hits you with a +3 quarterstaff of chaos!
* * * LOW HITPOINT WARNING * * *
Crazy Yiuf draws strength from your wounds!
You hit Crazy Yiuf.
Crazy Yiuf is lightly wounded.
* * * LOW HITPOINT WARNING * * *
You feel sick.
Crazy Yiuf says, "Race koolooloo infinity!"
Crazy Yiuf hits you with a +3 quarterstaff of chaos!
You die...

####.# #.# #.###########. # #.#
### ###........... #.#
############ #.# ##### ###
####.# #).)# ##§≈ #....# #)))#
#⌠≈. #.#### ))) ########≈.
#...# #g# #.....#⌠≈§ ###.# ##@#
#.######≈≈ #.# #)## #.# #§###
#.# ##)# #.# #≈§§≈ #.# #)## #.#
##### #.# ##)## #.# # #.#
#)..## ###.######## #.# #....#
#.......)... #.# #....#
###.##......
#.###########..#######.........


You could see Crazy Yiuf.

Vanquished Creatures
  A hound (D:2)
  3 adders (D:2)
  A leopard gecko (D:2)
  3 giant cockroaches
  2 goblins
  6 hobgoblins (D:1)
  6 bats
  2 frilled lizards
  8 kobolds
  3 rats (D:1)
35 creatures vanquished.

Notes
Turn   | Place    | Note
-------+----------+-------------------------------------------
     0 | D:1      | wakim the Hill Orc Monk began the quest for the Orb.
     0 | D:1      | Reached XP level 1. HP: 19/19 MP: 1/1
   242 | D:1      | Reached XP level 2. HP: 23/27 MP: 2/2
   546 | D:1      | Reached skill level 1 in Armour
   812 | D:2      | Reached XP level 3. HP: 31/33 MP: 3/3
   943 | D:2      | Reached skill level 5 in Axes
   991 | D:2      | Found a bloodstained altar of Trog.
  1157 | D:2      | Reached XP level 4. HP: 32/41 MP: 4/4
  1380 | D:2      | Found a runed translucent door.
  1381 | D:2      | Noticed Crazy Yiuf
  1393 | D:2      | HP: 2/41 [poisoned by Crazy Yiuf]
  1393 | D:2      | Slain by Crazy Yiuf

Illustrated notes

Levels and vault maps discovered:
D:1:      dpeg_arrival_simpleton_c, layout_loops_ring
D:2:      layout_loops_ring, lightli_temple_of_fire, chequers_garden,
          uniq_crazy_yiuf_cottage

Skill      XL: |  1  2  3  4 |
---------------+-------------+-----
Armour         | 1 2 |  2.0
Fighting       | 4 |  4.4
Axes           | 5 |  5.6
Dodging        | |  2.4
Stealth        | |  1.5

Action                   |  1- 3 |  4- 6 || total
-------------------------+-------+-------++-------
Melee: Hand axe          |   135 |    19 ||   154
 Stab: Sleeping          |     1 |       ||     1
Armor: Ring mail         |    47 |     4 ||    51
Dodge: Dodged            |    93 |     7 ||   100
